 Dungeon Crawl Stone Soup version 0.18.1-48-g4cf74bf (webtiles) character file.

136 RickumRackum the Skirmisher (level 4, -3/37 HPs)
             Began as a Demonspawn Fighter on Aug 27, 2016.
             Slain by a gnoll
             ... wielding a +0 club
              (5 damage)
             ... on level 3 of the Dungeon.
             The game lasted 00:14:34 (2758 turns).

RickumRackum the Skirmisher (Demonspawn Fighter)    Turns: 2758, Time: 00:14:35

Health: -3/37      AC:  6    Str: 22    XL:     4   Next: 98%
Magic:  0/4        EV:  7    Int:  9    God:
Gold:   68         SH: 10    Dex: 13    Spells: 0 memorised, 3 levels left

rFire  . . .     SeeInvis .     a - +1 long sword
rCold  . . .     Gourm    .     b - +0 scale mail
rNeg   . . .     Faith    .     c - +0 shield
rPois  +         Spirit   +     (helmet restricted)
rElec  .         Dismiss  .     (no cloak)
rCorr  .         Reflect  .     (no gloves)
SustAt .         Harm     .     (no boots)
MR     .....                    (no amulet)
Stlth  ..........               (no ring)
                                h - ring of poison resistance (curse)

@: mighty, not resistant to hostile enchantments, extremely unstealthy
A: antennae 1, magic shield
a: no special abilities


You were on level 3 of the Dungeon.
You were not hungry.

You visited 1 branch of the dungeon, and saw 3 of its levels.

You collected 68 gold pieces.

Inventory:

Hand Weapons
 a - a +1 long sword (weapon)
 q - a +0 dagger of venom
Missiles
 g - 56 stones (quivered)
 p - 6 poisoned needles
Armour
 b - a +0 scale mail (worn)
 c - a +0 shield (worn)
Jewellery
 h - a cursed ring of poison resistance (left hand)
Scrolls
 k - a scroll of magic mapping
 l - a scroll of immolation {unknown}
 n - a scroll of fog
 o - 2 scrolls of identify
Potions
 e - a potion of ambrosia
Comestibles
 f - 2 bread rations
 i - 3 meat rations


   Skills:
 + Level 3.8 Fighting
 - Level 2.7 Long Blades
 - Level 3.1 Armour
 * Level 3.8 Shields


You had 3 spell levels left.
You didn't know any spells.

Dungeon Overview and Level Annotations

Branches:
Dungeon (3/15)

Altars:

Annotations:
D:2 Crazy Yiuf


Innate Abilities, Weirdness & Mutations

You have a pair of small antennae on your head.
When hurt, damage is shared between your health and your magic reserves.


Message History

The puff of frost hits you! You block the gnoll's attack.
You closely miss the orc wizard.
The orc wizard is severely wounded.
The orc wizard hits you but does no damage.
The gnoll hits you from afar with a halberd!
* * * LOW HITPOINT WARNING * * *
The gnoll hits you but does no damage. The orc wizard hits you with a dagger.
* * * LOW HITPOINT WARNING * * *
You block the gnoll's attack.
You miss the orc wizard.
The orc wizard is severely wounded.
You block the gnoll's attack.
The orc wizard hits you but does no damage.
The gnoll hits you with a club.
* * * LOW HITPOINT WARNING * * *
The gnoll hits you but does no damage.
You slash the orc wizard!
You kill the orc wizard!
The gnoll hits you with a club.
You die...

#........#
#.......<##
#.........###
#...........#
#........##.#
#......).# ..#
#......g.# .#
#######g.# .
#@..# ## ##g#.#
#..#..# . ..
#.##..# ..
....###.##..#...
.........# .....
....###..#......
........<..#
...##..##......


You could see 3 gnolls.

Vanquished Creatures
  An orc wizard (D:3)
  A gnoll (D:2)
  3 adders
  An ooze (D:2)
  3 worms (D:2)
  3 giant geckos
  2 orcs
  2 giant cockroaches
  9 goblins
  3 hobgoblins
  7 jackals
  4 kobolds
  2 ball pythons (D:2)
  8 bats
  2 rats (D:2)
51 creatures vanquished.

Notes
Turn   | Place    | Note
--------------------------------------------------------------
     0 | D:1      | RickumRackum the Demonspawn Fighter began the quest for the Orb.
     0 | D:1      | Reached XP level 1. HP: 18/18 MP: 1/1
   285 | D:1      | Gained mutation: You have a pair of small antennae on your head. [demonic ancestry]
   285 | D:1      | Reached XP level 2. HP: 23/24 MP: 2/2
  1314 | D:2      | Reached XP level 3. HP: 27/29 MP: 3/3
  1649 | D:2      | Gained mutation: When hurt, damage is shared between your health and your magic reserves. [demonic ancestry]
  1649 | D:2      | Reached XP level 4. HP: 27/35 MP: 4/4
  1859 | D:2      | Noticed Crazy Yiuf
  2758 | D:3      | Slain by a gnoll

Skill      XL: |  1  2 |
---------------+-------+-----
Long Blades    | 2 |  2.7
Shields        | 3 |  3.8
Armour         | 3 |  3.1
Fighting       | |  3.8

Action                   |  1- 3 |  4- 6 || total
-------------------------+-------+-------++-------
Melee: Long sword        |   125 |    66 ||   191
  Use: Scroll            |     6 |       ||     6
       Potion            |       |     4 ||     4
  Eat: Chunk             |     2 |     4 ||     6
Armor: Scale mail        |    61 |    36 ||    97
Dodge: Dodged            |    41 |    24 ||    65
Block: Shield            |    62 |    50 ||   112
